 Dungeon Crawl Stone Soup version 0.31-a0-232-gb1c03b2570 (webtiles) character file.

Game seed: 14206212524810868959

138 qw the Shooter (level 5, -1/30 HPs)
             Began as a Gargoyle Hexslinger on July 7, 2023.
             Killed from afar by Robin (6 damage)
             ... with a puff of flame
             ... on level 4 of the Dungeon.
             The game lasted 00:00:44 (1794 turns).

qw the Shooter (Gargoyle Hexslinger)                Turns: 1794, Time: 00:00:44

Health: -1/30      AC:  8    Str: 11    XL:     5   Next: 21%
Magic:  6/6        EV: 12    Int: 14    God:
Gold:   202        SH:  0    Dex: 14    Spells: 5/6 levels left

rFire   . . .        c - +2 sling (heavy)
rCold   + . .        (no shield)
rNeg    + . .        a - +1 robe {rC+}
rPois   inf          (no helmet)
rElec   +            (no cloak)
rCorr   .            g - +0 pair of gloves
SInv    .            (no boots)
Will    .....        (no amulet)
Stlth   +            (no ring)
HPRegen 0.25/turn    (no ring)
MPRegen 0.10/turn

%: no passive effects
@: no status effects
A: sickness immunity, AC +4, negative energy resistance 1, electricity
resistance, torment resistance 1, petrification resistance
a: no special abilities


You were on level 4 of the Dungeon.
You visited 1 branch of the dungeon, and saw 4 of its levels.

You collected 202 gold pieces.


Innate Abilities, Weirdness & Mutations

You are immune to sickness and miasma.
Your stone body is resilient. (AC +4)
You are immune to poison.
You resist negative energy. (rN+)
You are resistant to electric shocks. (rElec)
You are resistant to unholy torment.
You are immune to petrification.


   Skills:
 + Level 2.0 Fighting
 - Level 5.0 Ranged Weapons
 - Level 1.5 Dodging
 - Level 1.0 Spellcasting
 - Level 2.6 Hexes


You had 5 spell levels left.
You knew the following spells:

 Your Spells              Type           Power      Damage    Failure   Level
a - Slow                  Hex            32%        N/A       9%          1

Your spell library contained the following spells:

 Spells                   Type           Power      Damage    Failure   Level
 Inner Flame              Hex/Fire       4%         N/A       41%         3
 Portal Projectile        Hex/Tloc       8%         N/A       41%         3
 Cause Fear               Hex            4%         N/A       65%         4

Inventory:

Hand Weapons
 c - a +2 heavy sling (weapon)
Armour
 a - a +1 robe of cold resistance (worn)
 d - a +0 ring mail
 g - a +0 pair of gloves (worn)
Scrolls
 b - a scroll of identify
Potions
 e - a potion of curing
 f - a potion of mutation {unknown}
 j - a potion of enlightenment

Dungeon Overview and Level Annotations

Branches:
Dungeon (4/15)
 Temple: D:4-7

Altars:
Makhleb

Annotations:
D:4 Robin


Message History

The goblin is heavily wounded.
The goblin completely misses you.
A goblin comes into view. It is wielding a +0 dagger.
The goblin hits you but does no damage.
You shoot a sling bullet. The sling bullet hits the goblin.
You kill the goblin!
The goblin hits you with a +0 club.
The ball python bites you but does no damage.
The ball python completely misses you.
You shoot a sling bullet. The sling bullet hits the goblin!
You kill the goblin!
A goblin comes into view. It is wielding a +2 dagger of venom.
Robin throws the goblin at you! The ball python closely misses you.
The ball python grabs you. The ball python constricts you.
Robin roars a battlecry!
The goblin goes into a battle-frenzy!
The goblin barely misses you.
Your Ranged Weapons skill increases to level 5!
You shoot a sling bullet. The sling bullet hits the ball python!
You kill the ball python!
The goblin hits you with a +0 club. Robin throws the goblin at you!
The goblin hits you with a +0 dagger. The goblin hits you with a +0 club.
The goblin closely misses you.
You shoot a sling bullet. The sling bullet hits Robin.
Robin is lightly wounded.
The goblin closely misses you. x2; Robin hits you but does no damage.
You shoot a sling bullet. The sling bullet barely misses Robin.
The sling bullet hits the goblin!
You kill the goblin!
The goblin no longer looks unusually strong.
The goblin hits you with a +0 dagger.
Robin roars a battlecry!
The goblin goes into a battle-frenzy!
The goblin closely misses you. The goblin hits you with a +0 dagger.
The goblin hits you but does no damage.
Robin zaps a wand.
The puff of flame hits you.
You shoot a sling bullet. The sling bullet hits Robin!
Robin is almost dead.
The goblin closely misses you.
Robin zaps a wand.
The puff of flame hits you.
You die...

#).. ..) .).
..## ##).# ...
#########g##
#.......#@)#
#...7...#gg#
#..7.7..#..#
#.7.7.7.#.##
#..7.7..#..#
#...7...#..## .
#.......#...#
...####'####..##
.........#....#


You could see Robin and 2 goblins.

Vanquished Creatures
  An iguana (D:4)
  4 adders
  A dart slug (D:4)
  An orc (D:3)
  6 ball pythons
  3 bats
  5 endoplasms
  6 giant cockroaches
  12 goblins
  7 hobgoblins
  4 kobolds
  6 quokkas
  4 frilled lizards
  5 rats
65 creatures vanquished.

Notes
Turn   | Place    | Note
-------+----------+-------------------------------------------
     0 | D:1      | qw the Gargoyle Hexslinger began the quest for the Orb.
     0 | D:1      | Reached XP level 1. HP: 12/12 MP: 2/2
     0 | D:1      | 0 ||| qw: Version: 0.3-a-46-gb1f654a
     0 | D:1      | 0 ||| qw: Game counter: 2212
     0 | D:1      | 0 ||| qw: Melee chars always use a shield: true
     0 | D:1      | 0 ||| qw: God list: Okawaru
     0 | D:1      | 0 ||| qw: Allow faded altars: false
     0 | D:1      | 0 ||| qw: Do Orc after clearing Dungeon:15 true
     0 | D:1      | 0 ||| qw: Do second Lair branch before Depths: true
     0 | D:1      | 0 ||| qw: Lair rune preference: random
     0 | D:1      | 0 ||| qw: Goals: Normal
     0 | D:1      | 0 ||| PLANNING D:1-11
    25 | D:1      | You fall into a shaft and drop 1 floor!
   115 | D:2      | Reached XP level 2. HP: 16/16 MP: 3/3
   201 | D:2      | 201 ||| READING scroll labelled LIRAEQ ILEOM.
   202 | D:2      | 202 ||| DROPPING scroll of poison.
   252 | D:1      | Reached skill level 3 in Ranged Weapons
   355 | D:1      | Reached XP level 3. HP: 21/21 MP: 4/4
   896 | D:1      | 896 ||| UPGRADING to +0 ring mail.
   906 | D:1      | 906 ||| DROPPING +0 robe.
   907 | D:1      | 907 ||| READING scroll labelled UGETWI HYVUFAX.
   911 | D:1      | 911 ||| READING 2 scrolls labelled POIKKACUEL.
   912 | D:1      | 912 ||| READING scroll labelled XAGRAT NARU.
   913 | D:1      | 913 ||| DRINKING 2 murky ruby potions.
   914 | D:1      | 914 ||| DRINKING 2 bubbling dark potions.
   952 | D:1      | 952 ||| DRINKING 2 puce potions.
   953 | D:1      | 953 ||| DROPPING potion of lignification.
   954 | D:1      | 954 ||| DROPPING potion of brilliance.
  1257 | D:2      | Found a burning altar of Makhleb.
  1389 | D:2      | 1389 ||| UPGRADING to +1 robe of cold resistance.
  1413 | D:3      | Reached XP level 4. HP: 26/26 MP: 5/5
  1416 | D:3      | Reached skill level 4 in Ranged Weapons
  1712 | D:3      | 1712 ||| UPGRADING to +0 pair of gloves.
  1717 | D:3      | 1717 ||| READING scroll labelled NOTHUBLIBBA.
  1718 | D:3      | 1718 ||| DRINKING 2 sedimented sapphire potions.
  1745 | D:4      | Reached XP level 5. HP: 30/30 MP: 6/6
  1783 | D:4      | Noticed Robin
  1791 | D:4      | Reached skill level 5 in Ranged Weapons
  1793 | D:4      | HP: 4/30 [Robin/puff of flame (5)]
  1794 | D:4      | Killed from afar by Robin

Levels and vault maps discovered:
D:1:      eino_arrival_cavern_a, layout_loops_ring, st_stairs_14
D:2:      layout_loops_cross, basic_altar
D:3:      layout_rooms
D:4:      layout_cave_pools, kennysheep_generic_room_10, uniq_robin

Skill      XL: |  1  2  3  4  5 |
---------------+----------------+-----
Ranged Weapons | 3 4 5 |  5.0
Fighting       | 2 |  2.0
Dodging        | |  1.5
Spellcasting   | |  1.0
Hexes          | |  2.6

Action                     |  1- 3 |  4- 6 || total
---------------------------+-------+-------++-------
   Fire: Sling             |   105 |    50 ||   155
    Use: Scroll            |     4 |     1 ||     5
         Potion            |     3 |     1 ||     4
 Armour: Robe              |     8 |     9 ||    17
         Ring mail         |     5 |       ||     5
  Dodge: Dodged            |    41 |    29 ||    70

Table legend:
 A = Non-vault XP
 B = Vault XP
 C = Vault XP percentage of total XP
 D = Non-vault monster count
 E = Vault monster count
 F = Vault count percentage of total count
                 A         B        C        D         E       F
            +---------+---------+-------+---------+---------+-------
      Total |     164 |      34 |  17.2 |      53 |      12 |  18.5
            +---------+---------+-------+---------+---------+-------
        D:1 |      31 |       3 |   8.8 |      17 |       2 |  10.5
        D:2 |      42 |       0 |   0.0 |      18 |       0 |   0.0
        D:3 |      47 |       0 |   0.0 |      13 |       0 |   0.0
        D:4 |      44 |      31 |  41.3 |       5 |      10 |  66.7
            +---------+---------+-------+---------+---------+-------
